 Dungeon Crawl Stone Soup version 0.29-a0-551-gffc1d7fb78 (webtiles) character file.

Game seed: 6506822164680401475

20 Zonian the Ducker (level 2, 0/24 HPs)
             Began as a Spriggan Abyssal Knight on June 6, 2022.
             Was a Believer of Lugonu.
             Slain by a ball python (2 damage)
             ... on level 1 of the Dungeon.
             The game lasted 00:02:04 (813 turns).

Zonian the Ducker (Spriggan Abyssal Knight)          Turns: 813, Time: 00:02:05

Health: 0/24       AC: 21    Str:  9    XL:     2   Next: 58%
Magic:  4/4        EV:  1    Int: 11    God:    Lugonu [**....]
Gold:   19         SH:  0    Dex: 15    Spells: 1/1 levels left

rFire   . . .      SeeInvis +   a - +1 short sword
rCold   . . .      Faith    .   (no shield)
rNeg    . . .      Spirit   .   (body armour currently unavailable)
rPois   +          Reflect  .   (helmet currently unavailable)
rElec   .          Harm     .   (cloak currently unavailable)
rCorr   .          Rampage  .   (gloves unavailable)
Will    .....      NoTele   +   (boots unavailable)
Stlth   +.........              (no amulet)
HPRegen 0.08/turn               (no ring)
MPRegen 0.09/turn               (no ring)

@: tree-form, constricted
A: stationary, stasis, torment immunity, boosted hp, very small, no large
weapons, unfitting armour, see invisible, (speed 3)
a: Renounce Religion, Depart the Abyss, Bend Space


You were on level 1 of the Dungeon.
You worshipped Lugonu.
Lugonu was pleased with you.
You were a tree.
You visited 1 branch of the dungeon, and saw 1 of its levels.
You visited the Abyss 1 time.

You collected 19 gold pieces.

Inventory:

Hand Weapons
 a - a +1 short sword (weapon)
Missiles
 d - 6 boomerangs of dispersal
Armour
 b - a +0 robe (melded)


   Skills:
 + Level 2.6 Fighting
 + Level 2.5 Short Blades
 + Level 3.5 Dodging
 + Level 2.2 Invocations


You had one spell level left.
You didn't know any spells.
Your spell library was empty.

Dungeon Overview and Level Annotations

Branches:
Dungeon (1/15)

Altars:


Innate Abilities, Weirdness & Mutations

You are a tree.
Your roots penetrate the ground, keeping you stationary.
You cannot be teleported.
You are immune to unholy pain and torment.
Your maximum health is greatly increased.
Your equipment is partially melded.
You are very small and have problems with some larger weapons.
You are too small for most types of armour.
You have supernaturally acute eyesight. (SInv)
((You cover ground extremely quickly. (Speed+++)))


Message History

The ball python grabs you. The ball python constricts you.
Unknown command.
You closely miss the ball python. The goblin hits you but does no damage.
The ball python bites you but does no damage. x2
The ball python constricts you.
Unknown command.
You barely miss the ball python. The goblin hits you but does no damage.
The ball python bites you but does no damage.
The ball python completely misses you. The ball python constricts you.
Unknown command.
You hit the ball python.
The ball python is moderately wounded.
The goblin hits you but does no damage.
The ball python bites you but does no damage. x2
The ball python constricts you.
* * * LOW HITPOINT WARNING * * *
Unknown command.
You hit the ball python.
The ball python is severely wounded.
The ball python completely misses you.
The ball python bites you but does no damage.
The ball python constricts you. The goblin hits you but does no damage.
Unknown command.
You closely miss the ball python.
The ball python is severely wounded.
The ball python bites you but does no damage.
The ball python barely misses you. The ball python constricts you.
The goblin hits you with a +0 club.
* * * LOW HITPOINT WARNING * * *
The ball python bites you but does no damage.
You hit the ball python.
You kill the ball python!
Lugonu accepts your kill. The goblin barely misses you.
The ball python bites you but does no damage.
The ball python grabs you. The ball python constricts you.
Unknown command.
You closely miss the ball python. The rat bites you but does no damage.
The goblin hits you but does no damage. The ball python bites you.
You die...

#.#.###.#### #.. . ## #.#...#!#
#.##. .. #.......# #....
#.####..S...######.§..
.#....#..S##....#....#. #.#
#.....#....$^...## #.#
#..##...####.#..# #.#####rg..###
#§...!# ##..##..♣S#.## ##.#§.##
#............###.....#
######.........#..........###
####....#.........##...8...§...#
#.................##..8.8..###.##
#.####.##.........##.8._.8.......
#.# ####.........#...8.8...[....
#.# ######........#....8...#####.
#.# #....###...............# #.


You could see a goblin, a ball python and a rat.

Vanquished Creatures
  2 dart slugs (D:1)
  An endoplasm (D:1)
  A giant cockroach (D:1)
  2 jackals (D:1)
  2 kobolds (D:1)
  4 ball pythons (D:1)
  A bat (D:1)
  2 goblins (D:1)
15 creatures vanquished.

Notes
Turn   | Place    | Note
-------+----------+-------------------------------------------
     0 | Abyss:1  | Zonian the Spriggan Abyssal Knight began the quest for the
                  | Orb.
     0 | Abyss:1  | Reached XP level 1. HP: 11/11 MP: 3/3
     1 | D:1      | Escaped the Abyss
   217 | D:1      | Found a faded altar of an unknown god.
   572 | D:1      | Reached XP level 2. HP: 13/16 MP: 4/4
   813 | D:1      | Slain by a ball python

Illustrated notes

Levels and vault maps discovered:
D:1:      lightli_arrival_lavapool, layout_rooms,
          chequers_ecumenical_altar_simple_redux

Skill      XL: |  1 |
---------------+----+-----
Invocations    | 2 |  2.2
Fighting       | |  2.6
Short Blades   | |  2.5
Dodging        | |  3.5

Action                   || total
-------------------------++-------
Melee: Short sword       ||    55
       Punch             ||     1
Invok: Depart the Abyss  ||     1
  Use: Potion            ||     1
Armor: Robe              ||     6
       Skin              ||    24
Dodge: Dodged            ||    58

Table legend: (Time is in decaauts)
 A = Elapsed time spent in this place.
 B = Non-inter-level travel time spent in this place.
 C = Inter-level travel time spent in this place.
 D = Time resting spent in this place.
 E = Time spent auto-exploring this place.
 F = Levels seen in this place.
 G = Mean time per level.
                   A        B        C        D        E       F      G
               +--------+--------+--------+--------+--------+-----+--------+
         Total |    705 |    705 |      0 |    343 |    206 |   2 |  352.5 |
       Dungeon |    704 |    704 |      0 |    343 |    206 |   1 |  704.0 |
         Abyss |      1 |      1 |      0 |      0 |      0 |   1 |    1.0 |
               +--------+--------+--------+--------+--------+-----+--------+

Top non-repeatable levels by time:
     D:1: 704 daAuts
 Abyss:1: 1 daAuts
